 Dungeon Crawl Stone Soup version 0.23-a0-183-gf37f6fb (webtiles) character file.

129 iamserjio the Ruffian (level 4, -4/38 HPs)
             Began as a Draconian Wanderer on Sept 22, 2018.
             Slain by an iguana (9 damage)
             ... on level 4 of the Dungeon.
             The game lasted 00:04:44 (2972 turns).

iamserjio the Ruffian (Draconian Wanderer)          Turns: 2972, Time: 00:04:44

Health: -4/38      AC:  5    Str: 15    XL:     4   Next: 88%
Magic:  2/4        EV: 11    Int: 12    God:
Gold:   71         SH:  0    Dex: 11    Spells: 1/3 levels left

rFire    . . .     SeeInvis .   b - +0 quarterstaff
rCold    . . .     Gourm    .   (shield currently unavailable)
rNeg     . . .     Faith    .   (armour unavailable)
rPois    .         Spirit   .   (helmet restricted)
rElec    .         Reflect  .   (no cloak)
rCorr    .         Harm     .   (no gloves)
MR       .....                  (no boots)
Stlth    +.........             (no amulet)
HPRegen  0.12/turn              (no ring)
MPRegen  0.09/turn              (no ring)

@: very slightly contaminated
A: unfitting armour, cold-blooded, AC +5
a: no special abilities


You were on level 4 of the Dungeon.
You were very hungry.

You visited 1 branch of the dungeon, and saw 4 of its levels.

You collected 71 gold pieces.

Inventory:

Hand Weapons
 b - a +0 quarterstaff (weapon)
 m - a cursed -3 great sword
 p - a +0 dagger of venom
Missiles
 q - 43 arrows
Scrolls
 a - a scroll of amnesia {unknown}
 e - 3 scrolls of teleportation
 f - a scroll of immolation {unknown}
 g - a scroll of enchant armour {unknown}
 j - 2 scrolls of noise {unknown}
 k - a scroll of random uselessness {unknown}
 l - a scroll of fear {unknown}
Potions
 c - 2 potions of curing {@q1}
 h - a potion of flight {unknown}
 n - 2 potions of heal wounds {unknown}
 o - 2 potions of degeneration {unknown}
Comestibles
 d - 4 rations
 i - a chunk of flesh


   Skills:
 - Level 3.2 Fighting
 - Level 2.0 Staves
 - Level 1.0 Stealth
   Level 1.0 Shields
 * Level 4.6 Unarmed Combat
 + Level 0.0 Spellcasting
 + Level 2.0 Transmutations
   Level 1.0 Earth Magic


You had one spell level left.
You knew the following spells:

 Your Spells              Type           Power        Failure   Level  Hunger
a - Sticks to Snakes      Tmut           #.......     22%         2    ###....

Your spell library contained the following spells:

 Spells                   Type           Power        Failure   Level  Hunger
 Beastly Appendage        Tmut           #.....       14%         1    ##.....
 Spider Form              Tmut/Pois      #.........   54%         3    ####...
 Ice Form                 Ice/Tmut       #.......     91%         4    #####..
 Blade Hands              Tmut           #.........   99%         5    ######.


Dungeon Overview and Level Annotations

Branches:
Dungeon (4/15)
 Temple: D:4-7

Altars:
Sif Muna
Wu Jian

Annotations:
D:3 Grinder


Innate Abilities, Weirdness & Mutations

Your plain brown scales are hard. (AC +5)
You cannot fit into any form of body armour.
You are cold-blooded and may be slowed by cold attacks.


Message History

Your ball python closely misses the iguana.
Your ball python grabs the iguana.
Your ball python constricts the iguana.
The iguana bites your ball python!
Your ball python dies!
The iguana hisses angrily.
You hit the iguana but do no damage.
You tail-slap the iguana, but do no damage.
The iguana bites you!
* * * LOW HITPOINT WARNING * * *
You hit the bush. The iguana barely misses you.
You barely miss the iguana. The iguana bites you!
* * * LOW HITPOINT WARNING * * *
The iguana barely misses you.
Casting: Sticks to Snakes (safe; 22% risk of failure)
You miscast Sticks to Snakes.
You are very lightly contaminated with residual magic.
Waves of light ripple over your body.
You are feeling very hungry.
The iguana bites you!
You die...

.P.PP...P. ...###.#.#
............. ...... ...#...
..PP..PPPPP...
...#....###.#...
.♣♣♣P..♣♣♣..P♣ ♣..##.#.
..#..... .♣ ♣...♣ ♣P..♣ ♣P.##
# ### #..#
.♣♣♣...♣♣♣...♣♣♣P.# ..#
PP.P..PP..P.PP....# .#
..................##
.P....PP....P..l@..##
.♣♣♣P.P♣♣♣P..♣♣♣P...## .♣
♣P..♣ ♣..P♣ ♣P....##
.♣♣♣...♣♣♣P.P♣♣♣......#
P.....P..P....P.P.....##
.......................#
....###.#..............######
.... #.#.................#.#
.... #.##............._..#.#


You could see an iguana.

Vanquished Creatures
  A hound (D:4)
  3 adders (D:2)
  2 oozes
  2 dart slugs (D:1)
  6 leopard geckos
  2 orcs (D:3)
  4 giant cockroaches
  5 goblins
  7 hobgoblins (D:1)
  2 quokkas (D:2)
  A ball python skeleton (D:4)
  5 bats
  5 frilled lizards
  3 kobolds
  5 rats
53 creatures vanquished.

Notes
Turn   | Place    | Note
-------+----------+-------------------------------------------
     0 | D:1      | iamserjio the Draconian Wanderer began the quest for the
                  | Orb.
     0 | D:1      | iamserjio set off with: a +0 quarterstaff, a potion of
                  | curing {@q1}, a ration
     0 | D:1      | Reached XP level 1. HP: 19/19 MP: 1/1
    40 | D:1      | Reached skill level 1 in Unarmed Combat
   417 | D:1      | Reached XP level 2. HP: 25/26 MP: 2/2
   486 | D:1      | Reached skill level 2 in Unarmed Combat
   898 | D:1      | Reached XP level 3. HP: 31/31 MP: 3/3
  1043 | D:1      | Reached skill level 3 in Unarmed Combat
  1464 | D:2      | Reached XP level 4. HP: 20/38 MP: 4/4
  1767 | D:2      | Reached skill level 4 in Unarmed Combat
  2678 | D:3      | Noticed Grinder
  2852 | D:4      | Learned a level 2 spell: Sticks to Snakes
  2862 | D:4      | Found an ornate altar of the Wu Jian Council.
  2862 | D:4      | Found a deep blue altar of Sif Muna.
  2972 | D:4      | Slain by an iguana

Vault maps used:
D:1:      minmay_arrival_loop, kennysheep_nondescript
D:3:      amethyst_overflow_temple_binary, hangedman_abyss_or_decor_lesser_grid,
          uniq_grinder
D:4:      overflow_temple_1_default, chequers_temple_overflow_statue_of_worship,
          first_ration, hangedman_abyss_or_decor_stabs, st_stairs_4,
          kennysheep_boxes, uniq_crazy_yiuf_cottage

Skill      XL: |  1  2  3  4 |
---------------+-------------+-----
Unarmed Combat | 1 2 3 4 |  4.6
Fighting       | |  3.2
Staves         | |  2.0
Stealth        | |  1.0
Shields        | |  1.0
Transmutations | |  2.0
Earth Magic    | |  1.0

Action                   |  1- 3 |  4- 6 || total
-------------------------+-------+-------++-------
Melee: Quarterstaff      |   110 |    60 ||   170
       Tailslap          |     9 |     6 ||    15
 Cast: Sticks to Snakes  |       |     2 ||     2
  Use: Scroll            |       |     1 ||     1
 Stab: Sleeping          |       |     3 ||     3
  Eat: Chunk             |     2 |     4 ||     6
Armor: Skin              |    42 |     9 ||    51
Dodge: Dodged            |    86 |    29 ||   115

Table legend:
 A = Non-vault XP
 B = Vault XP
 C = Vault XP percentage of total XP
 D = Non-vault monster count
 E = Vault monster count
 F = Vault count percentage of total count
                 A         B        C        D         E       F
            +---------+---------+-------+---------+---------+-------
      Total |     184 |       1 |   0.5 |      52 |       1 |   1.9
            +---------+---------+-------+---------+---------+-------
        D:1 |      62 |       0 |   0.0 |      27 |       0 |   0.0
        D:2 |      67 |       0 |   0.0 |      15 |       0 |   0.0
        D:3 |      13 |       0 |   0.0 |       7 |       0 |   0.0
        D:4 |      42 |       1 |   2.3 |       3 |       1 |  25.0
            +---------+---------+-------+---------+---------+-------
